 Dungeon Crawl Stone Soup version 0.26-a0-808-g930a2b7adc (webtiles) character file.

Game seed: 17059386499599445210

7 Riddle the Caller (level 1, 9/9 HPs)
             Began as a Spriggan Summoner on Nov 12, 2020.
             Quit the game on level 1 of the Dungeon.
             The game lasted 00:02:11 (880 turns).

Riddle the Caller (Spriggan Summoner)                Turns: 880, Time: 00:02:12

Health: 9/9        AC:  2    Str:  4    XL:     1   Next: 91%
Magic:  5/5        EV: 18    Int: 16    God:
Gold:   72         SH:  0    Dex: 16    Spells: 5/6 levels left

rFire    . . .     SeeInvis +   c - +0 spear
rCold    . . .     Faith    .   (shield restricted)
rNeg     . . .     Spirit   .   a - +0 robe
rPois    .         Reflect  .   (helmet restricted)
rElec    .         Harm     .   (no cloak)
rCorr    .         Rampage  .   (gloves unavailable)
MR       .....                  (boots unavailable)
Stlth    ++........             (no amulet)
HPRegen  0.03/turn              (no ring)
MPRegen  0.09/turn              (no ring)

@: very quick
A: very small, unfitting armour, see invisible, speed 3
a: no special abilities


You were on level 1 of the Dungeon.
You visited 1 branch of the dungeon, and saw 1 of its levels.

You collected 72 gold pieces.

Inventory:

Hand Weapons
 c - a +0 spear (weapon)
Armour
 a - a +0 robe (worn)
Scrolls
 b - a scroll of immolation {unknown}
 d - a scroll of blinking {unknown}
 e - a scroll of noise {unknown}
 h - a scroll of remove curse {unknown}
 i - a scroll of identify {unknown}
Potions
 f - a potion of haste {unknown}
 g - a potion of brilliance {unknown}


   Skills:
 - Level 3.0 Dodging
 - Level 3.0 Stealth
 + Level 3.0 Spellcasting
 * Level 3.5 Summonings


You had 5 spell levels left.
You knew the following spells:

 Your Spells              Type           Power        Failure   Level
a - Summon Small Mammal   Summ           ##..         4%          1

Your spell library contained the following spells:

 Spells                   Type           Power        Failure   Level
 Call Imp                 Summ           ##......     7%          2
 Call Canine Familiar     Summ           ##......     13%         3
 Summon Guardian Golem    Hex/Summ       #.......     26%         3
 Summon Ice Beast         Ice/Summ       #.......     65%         4
 Summon Lightning Spire   Summ/Air       #.......     65%         4


Dungeon Overview and Level Annotations

Branches:
Dungeon (1/15)

Altars:


Innate Abilities, Weirdness & Mutations

You are very small and have problems with some larger weapons.
You are too small for most types of armour.
You have supernaturally acute eyesight. (SInv)
You cover ground extremely quickly.


Message History

There are no items here.
There are no items here.
Your rat bites the hobgoblin.
The hobgoblin dies!
Your Spellcasting skill increases to level 3!
Your rat disappears in a puff of smoke!
You see here 30 stones.
You see here a hobgoblin corpse.
You see here a hobgoblin corpse.
You see here 30 stones.
You see here a spear.
f - a green potion
g - a fuming blue potion
Found a club.
Key pressed, stopping explore.
Found a stone staircase leading down.
There is a stone staircase leading down here.
h - a scroll labelled GEPOMI ENKOMEY
i - a scroll labelled RIGGI LYTU Are you sure you want to abandon this character and quit the game? (Confirm with "yes".)

#### #.. #.# ##.##
##.#.####.########
#.###............#
#..#.########.##.# ..#.##
#.##.# ###.# ##.##@# #
#.# ##...#.# # #.#
##.#.#..########
###.######..............#
........##...##.##.####.#
.######....#...###.# #.#
.#....####.#.### #.# #.#
.#....# #.#.# #.# #.#
.#...#####.#.#####.# #[#


There were no monsters in sight!

Vanquished Creatures (collateral kills)
  A leopard gecko (D:1)
  A goblin (D:1)
  3 hobgoblins (D:1)
  2 kobolds (D:1)
  A frilled lizard (D:1)
  A rat (D:1)
9 creatures vanquished.

Notes
Turn   | Place    | Note
-------+----------+-------------------------------------------
     0 | D:1      | Riddle the Spriggan Summoner began the quest for the Orb.
     0 | D:1      | Reached XP level 1. HP: 9/9 MP: 5/5
   880 | D:1      | Quit the game

Illustrated notes

Levels and vault maps discovered:
D:1:      dpeg_arrival_round_a, layout_loops_ring, serial_aquarium,
          aquarium_bridge_island_small [aquarium_subvault_small_open,
          aquarium_subvault_wall, aquarium_subvault_bridge,
          aquarium_subvault_wall, aquarium_subvault_wall],
          aquarium_bridge_long_joined [aquarium_subvault_wall,
          aquarium_subvault_wall, aquarium_subvault_bridge,
          aquarium_subvault_window, aquarium_subvault_bridge,
          aquarium_subvault_window], aquarium_window_fake,
          aquarium_window_corner, aquarium_view_2b

Skill      XL: |  1 |
---------------+----+-----
Spellcasting   | 3 |  3.0
Dodging        | |  3.0
Stealth        | |  3.0
Summonings     | |  3.5

Action                   || total
-------------------------++-------
Melee: Spear             ||     1
 Cast: Summon Small Mamm ||    27
Dodge: Dodged            ||     5

Table legend: (Time is in decaauts)
 A = Elapsed time spent in this place.
 B = Non-inter-level travel time spent in this place.
 C = Inter-level travel time spent in this place.
 D = Time resting spent in this place.
 E = Time spent auto-exploring this place.
 F = Levels seen in this place.
 G = Mean time per level.
                   A        B        C        D        E       F      G
               +--------+--------+--------+--------+--------+-----+--------+
         Total |    712 |    708 |      4 |     33 |    569 |   1 |  712.0 |
       Dungeon |    712 |    708 |      4 |     33 |    569 |   1 |  712.0 |
               +--------+--------+--------+--------+--------+-----+--------+

Top non-repeatable levels by time:
     D:1: 712 daAuts
